Map: King's Cove LE

Players

Harstem

  • Race: Protoss Protoss
  • League: Grandmaster
  • Spawn Location: 5:00

GunGFuBanDa - Winner!

  • Race: Protoss Protoss
  • League: Master
  • Spawn Location: 11:00

Event: 2019 WCS Winter Europe

VOD

Have the link to the VOD?

Description

Time

  • Played on: Feb. 17, 2019, 10:04 a.m.
  • Length: 10:11

All games in this series

Show
View Real Time Build Order
Export as new Build Order

Harstem Protoss 

Build Orders: Phoenix Opening 

Get SALT Encoding   

  12  0:00  Probe  
  13  0:13  Probe  
  14  0:18  Pylon  
  14  0:24  Probe  
  15  0:32  Probe  
  15  0:39  Gateway  
  15  0:40  Probe  
  16  0:49  Assimilator  
  17  0:50  Probe  
  17  0:56  Assimilator  
  18  0:58  Probe  
  19  1:08  Probe  
  19  1:09  Gateway  
  20  1:19  Probe  
  20  1:23  Pylon  
  21  1:31  Probe  
  22  1:43  Probe  
  23  1:55  Cybernetics Core  
  23  1:56  Probe  
  24  2:12  Warp Gate, Nexus  
  24  2:25  Probe  
  25  2:31  Stalker  
  25  2:32  Sentry  
  29  2:37  Pylon  
  29  2:40  Probe  
  29  2:52  Probe  
  29  2:58  Sentry  
  32  3:02  Sentry  
  32  3:04  Probe  
  32  3:05  Phoenix  
  35  3:06  Shield Battery  
  35  3:16  Probe  
  35  3:19  Forge  
  36  3:24  Probe  
  37  3:28  Probe  
  37  3:29  Stalker  
  37  3:32  Probe  
  40  3:34  Protoss Ground Weapons Level 1  
  40  3:40  Probe x2  
  43  3:50  Probe  
  43  3:52  Probe  
  45  4:00  Stalker  
  45  4:02  Probe  
  48  4:03  Probe  
  48  4:08  Stalker  
  49  4:11  Probe  
  49  4:14  Probe  
  47  4:19  Probe  
  46  4:26  Probe  
  46  4:29  Gateway  
  46  4:30  Gateway  
  46  4:31  Probe  
  48  4:32  Stalker  
  48  4:37  Stalker  
  52  4:38  Probe  
  52  4:43  Probe  
  52  4:44  Pylon  
  54  4:53  Pylon  
  54  4:55  Photon Cannon  
  54  5:03  Probe x2  
  56  5:07  Stalker x2  
  60  5:15  Probe x2  
  62  5:28  Stalker x2  
  65  5:31  Pylon  
  66  5:38  Stalker x2  
  66  5:41  Immortal  
  70  5:46  Probe  
  70  5:49  Twilight Council, Probe  
  71  5:52  Pylon  
  71  5:54  Stalker, Sentry  
  75  5:58  Probe  
  76  6:05  Pylon  
  76  6:07  Stalker  
  76  6:10  Probe x2  
  80  6:13  Stalker  
  80  6:18  Stalker x2  
  86  6:23  Probe  
  81  6:33  Stalker  
  81  6:34  Probe  
  81  6:39  Stalker  
  78  6:43  Zealot x2  
  78  6:45  Probe  
  78  6:47  Probe  
  76  6:52  Protoss Ground Weapons Level 2  
  76  6:53  Probe  
  72  6:56  Assimilator  
  72  6:59  Probe  
  72  7:01  Assimilator, Probe  
  73  7:09  Charge  
  73  7:11  Probe  
  73  7:12  Probe  
  71  7:23  Nexus, Probe  
  71  7:27  Stalker  
  71  7:28  Probe  
  73  7:35  Probe  
  73  7:36  Robotics Facility  
  73  7:40  Probe  
  73  7:44  Gateway x2  
  74  7:47  Probe  
  75  7:52  Probe, Gateway  
  75  7:55  Gateway  
  75  7:57  Sentry  
  78  7:59  Pylon  
  78  8:02  Probe  
  78  8:04  Shield Battery  
  79  8:13  Warp Prism  
  79  8:16  Probe  
  79  8:18  Zealot x3  
  82  8:25  Dark Shrine  
  84  8:27  Probe  
  85  8:35  Probe  
  85  8:36  Probe  
  87  8:41  Assimilator  
  87  8:43  Assimilator  
  87  8:44  Zealot x3  
  87  8:46  Probe  
  94  8:51  Probe  
  94  8:53  Observer  
  95  8:59  Zealot x4  
  104  9:11  Stalker x2  
  103  9:20  Zealot x4  
  102  9:24  Probe  
  102  9:27  Probe  
  102  9:28  Zealot x2  
  100  9:36  Observer  
  100  9:38  Dark Templar  
  92  9:41  Dark Templar  
  80  9:49  Dark Templar  
  80  9:50  Dark Templar  
  78  9:54  Probe  
  75  10:02  Dark Templar  
  75  10:05  Dark Templar  
Show
View Real Time Build Order
Export as new Build Order

GunGFuBanDa Protoss - Winner!

Build Orders: Oracle Opening 

Get SALT Encoding   

  12  0:00  Probe  
  13  0:12  Probe  
  14  0:18  Pylon  
  14  0:24  Probe  
  15  0:32  Probe  
  15  0:39  Gateway  
  15  0:41  Probe  
  16  0:46  Assimilator  
  17  0:50  Probe  
  17  0:55  Assimilator  
  18  0:58  Probe  
  19  1:07  Probe  
  19  1:08  Gateway  
  20  1:17  Probe  
  21  1:26  Cybernetics Core  
  21  1:30  Probe  
  22  1:37  Pylon  
  22  1:42  Probe  
  23  1:55  Probe  
  24  2:03  Stalker, Warp Gate, Sentry  
  28  2:34  Nexus  
  28  2:39  Pylon  
  28  2:48  Adept  
  30  2:57  Adept  
  32  3:01  Stargate  
  32  3:03  Probe  
  32  3:11  Probe  
  34  3:20  Probe  
  35  3:30  Probe  
  36  3:38  Probe  
  36  3:39  Oracle  
  36  3:40  Forge  
  36  3:44  Shield Battery  
  36  3:47  Probe  
  40  3:50  Probe  
  42  3:57  Sentry  
  42  3:59  Probe  
  42  4:02  Probe  
  46  4:11  Oracle, Probe  
  46  4:16  Stalker  
  49  4:17  Probe  
  49  4:23  Protoss Ground Weapons Level 1  
  51  4:26  Probe  
  51  4:29  Probe  
  51  4:34  Pylon  
  51  4:38  Probe  
  52  4:41  Robotics Facility  
  52  4:42  Probe  
  53  4:50  Probe x2  
  53  4:52  Assimilator  
  54  4:54  Assimilator  
  54  4:59  Pylon  
  55  5:00  Probe  
  55  5:02  Probe  
  57  5:07  Twilight Council  
  57  5:12  Probe  
  58  5:16  Immortal  
  58  5:17  Stalker  
  58  5:19  Shield Battery  
  60  5:23  Stalker  
  60  5:25  Shield Battery  
  63  5:43  Twilight Council  
  63  5:44  Warp Prism  
  63  5:48  Stalker x2  
  67  5:53  Shield Battery  
  69  6:10  Pylon  
  69  6:24  Immortal, Pylon  
  69  6:27  Pylon  
  73  6:42  Zealot x2  
  73  6:46  Protoss Ground Weapons Level 2  
  71  6:47  Charge  
  71  6:51  Probe  
  66  7:02  Immortal  
  66  7:04  Zealot x2  
  72  7:10  Probe x2  
  74  7:16  Gateway  
  74  7:17  Templar Archives  
  74  7:30  Zealot  
  74  7:31  Zealot  
  74  7:32  Warp Prism  
  78  7:41  Gateway  
  78  7:42  Gateway  
  80  7:48  Gateway  
  80  7:53  Photon Cannon  
  80  7:55  Photon Cannon, Pylon  
  80  7:59  Nexus  
  80  8:01  Pylon  
  80  8:03  Zealot, Sentry  
  84  8:08  Observer  
  82  8:24  High Templar x2  
  86  8:28  Archon  
  86  8:29  Zealot  
  88  8:36  Pylon  
  88  8:45  Gateway  
  88  8:47  High Templar x2, Gateway  
  88  8:48  Zealot  
  94  8:50  High Templar  
  94  8:51  Archon  
  94  8:52  Nexus  
  96  8:57  Zealot, High Templar  
  96  8:58  Observer  
  96  9:01  Archon  
  100  9:08  Cybernetics Core  
  100  9:23  Zealot x5  
  103  9:40  Observer  
  103  9:45  Zealot x8  
Tags
 
Add a new tag
Caveats
  • Supply blocks, unpowered buildings, or Contaminate may cause inaccurate times.
  • Supply counts are checked every 10 seconds.